Workbook
Name DiningChoices: Sheet2!$K$1:$K$3
Name Enrollment: Sheet2!$B$2:$B$15
Name Health: Sheet2!$O$1:$O$2
Name HousingChoices: Sheet2!$F$1:$F$4

Sheet Payment Calc
A1: 2025-2026 Payment Estimating Worksheet
A3: Student Name: | F3: Preparer:
A5: Your Plans & Financial Aid | F5: Summary | H5: Fall Semester | I5: Spring Semester | J5: Total
A6: Balance Owed/Credit From Prior Term? | C6: Fall Semester | D6: Spring Semester | F6: Charges | G6: Prior Term Balance | H6: =B7 -> 0 | J6: =H6 -> 0
A7: If yes, amount: | B7: 0 | G7: Tuition | H7: =VLOOKUP(C8,Sheet2!$B$1:$C$15,2) -> 35316 | I7: =VLOOKUP(D8,Sheet2!$B$1:$C$15,2) -> 35316 | J7: =H7+I7 -> 70632
A8: Enrollment | C8: 12 to 18 Credits | D8: 12 to 18 Credits | G8: Room | H8: =VLOOKUP(C9,Sheet2!$F$1:$G$5,2) -> 4361 | I8: =VLOOKUP(D9,Sheet2!$F$1:$G$5,2) -> 4361 | J8: =H8+I8 -> 8722
A9: Housing | C9: On Campus | D9: On Campus | G9: Dining | H9: =VLOOKUP(C10,Sheet2!$K$1:$L$3,2) -> 3877 | I9: =VLOOKUP(D10,Sheet2!$K$1:$L$3,2) -> 3877 | J9: =H9+I9 -> 7754
A10: Dining | C10: Standard Plan | D10: Standard Plan | G10: Activity Fee | H10: =IF(H7=0,0,130) -> 130 | I10: =IF(I7=0,0,100) -> 100 | J10: =H10+I10 -> 230
A11: Health Insurance | B11: No | G11: Health Insurance | H11: =VLOOKUP(B11,Sheet2!O1:P2,2) -> 0 | J11: =H11 -> 0
A12: Other Charges | C12: 0 | D12: 0 | G12: =A12 -> Other Charges | H12: =C12 -> 0 | I12: =D12 -> 0 | J12: =H12+I12 -> 0
A13: =IF(B11="No","Be sure to waive Mac health insurance. Check macalester.edu/healthandwellness/insurance for the deadline.","") -> Be sure to waive Mac health insurance. Check macalester.edu/healthandwellness/insurance for the deadline.
A14: Payments | F14: Aid & Payments | G14: Payments | H14: =SUM(C16:C17)+B15 -> 0 | I14: =SUM(D16:D17) -> 0 | J14: =H14+I14 -> 0
A15: Enrollment Deposit | B15: 0
A16: Monthly Payment Plan | B16: 0 | C16: =ROUND(B16/2,0) -> 0 | D16: =B16-C16 -> 0 | G16: Grants & Scholarships | H16: =SUM(C20:C25) -> 0 | I16: =SUM(D20:D25) -> 0 | J16: =H16+I16 -> 0
A17: Other Payments | C17: 0 | D17: 0
G18: Loans (Net Amount) | H18: =C27+C28+C29+C32+C35 -> 0 | I18: =D27+D28+D29+D32+D35 -> 0 | J18: =H18+I18 -> 0
A19: Financial Aid
A20: Grants | B20: 0 | C20: =ROUND(B20/2,0) -> 0 | D20: =B20-C20 -> 0 | G20: Student Employment | H20: =C36 -> 0 | I20: =D36 -> 0 | J20: =H20+I20 -> 0
A21: Scholarships | B21: 0 | C21: =ROUND(B21/2,0) -> 0 | D21: =B21-C21 -> 0
A22: Federal Pell Grant/SEOG | B22: 0 | C22: =ROUND(B22/2,0) -> 0 | D22: =B22-C22 -> 0 | G22: Estimated Payment Due | H22: =SUM(H6:H12)-H14-H16-H18-H20 -> 43684 | I22: =SUM(I6:I12)-I14-I16-I18-I20 -> 43654 | J22: =H22+I22 -> 87338
A23: MN State Grant | B23: 0 | C23: =ROUND(B23/2,0) -> 0 | D23: =B23-C23 -> 0
A24: Davis Scholarship | B24: 0 | C24: =ROUND(B24/2,0) -> 0 | D24: =B24-C24 -> 0 | G24: =IF(H22<0,"If the amount shown above is negative, you do not need to make a payment. You may contact the Student Accounts Office to request a refund after all financial aid and payments have been applied to your account.","")
A25: Non-Mac Scholarships | B25: 0 | C25: =ROUND(B25/2,0) -> 0 | D25: =B25-C25 -> 0
A27: Macalester Loan | B27: 0 | C27: =ROUND(B27/2,0) -> 0 | D27: =B27-C27 -> 0
A28: MC Intnl Student Loan | B28: 0 | C28: =ROUND(B28/2,0) -> 0 | D28: =B28-C28 -> 0
A29: Other Loan (net amount) | B29: 0 | C29: =ROUND(B29/2,0) -> 0 | D29: =B29-C29 -> 0
A30: Federal Direct Loan | B30: =IF(C31>3750,"Warning: the amount below appears high. Enter only the semester amount.","")
A31: Gross Amount | B31: 0 | C31: =ROUND(B31/2,0) -> 0 | D31: =B31-C31 -> 0
A32: Net Amount | C32: =ROUND(C31*(1-Sheet2!$B$23),0) -> 0 | D32: =ROUND(D31*(1-Sheet2!$B$23),0) -> 0 | G32: =IF(G3<>"","If this worksheet has been prepared by Macalester staff, please reconcile the assumptions with your own understanding of your plans and financial aid. This worksheet is only an estimate. This is not a bill.","")
A33: Federal PLUS Loan
A34: =A31 -> Gross Amount | B34: 0 | C34: =ROUND(B34/2,0) -> 0 | D34: =B34-C34 -> 0
A35: Net Amount | C35: =ROUND(C34*(1-Sheet2!$B$24),0) -> 0 | D35: =ROUND(D34*(1-Sheet2!$B$24),0) -> 0
A36: Student Employment Earnings to apply to account (optional) | B36: 0 | C36: =IF(C9<>"Resident Assistant",ROUND(B36/2,0),0) -> 0 | D36: =IF(C9<>"Resident Assistant",B36-C36,0) -> 0
A37: =IF(C36>0,"Be sure to complete a Student Employment Check Authorization form if you have not already done so. (macalester.edu/studentaccounts/forms)","")
A38: Notes:

Sheet Sheet2
A1: Enrollment | B1: 0 Credits | C1: 0 | E1: Housing | F1: Grand Cambridge | G1: 4961 | J1: Dining | K1: Commuter Plan | L1: 1015 | N1: Health Insurance | O1: No | P1: 0
B2: 1 Credit | C2: =B17 -> 2207 | F2: Language House | G2: 4495 | K2: None | L2: 0 | O2: Yes | P2: 3329
B3: 10 Credits | C3: =C15+$B$17 -> 22070 | F3: Off Campus | G3: 0 | K3: Standard Plan | L3: 3877
B4: 11 Credits | C4: =C3+$B$17 -> 24277 | F4: On Campus | G4: 4361
B5: 12 to 18 Credits | C5: =B19 -> 35316 | F5: Resident Assistant | G5: 0
B6: 19 Credits | C6: =C5+$B$18 -> 39730
B7: 2 Credits | C7: =C2+$B$17 -> 4414
B8: 20 Credits | C8: =C6+$B$18 -> 44144
B9: 3 Credits | C9: =C7+$B$17 -> 6621
B10: 4 Credits | C10: =C9+$B$17 -> 8828
B11: 5 Credits | C11: =C10+$B$17 -> 11035
B12: 6 Credits | C12: =C11+$B$17 -> 13242
B13: 7 Credits | C13: =C12+$B$17 -> 15449
B14: 8 Credits | C14: =C13+$B$17 -> 17656
B15: 9 Credits | C15: =C14+$B$17 -> 19863
A17: Per Credit Part Time | B17: 2207
A18: Per Credit Overload | B18: =B17*2 -> 4414
A19: Full Time | B19: 35316
A23: Direct Loan Fee | B23: 0.01057
A24: PLUS Loan Fee | B24: 0.04228
